 Dungeon Crawl Stone Soup version 0.21.1-1-g345015f (webtiles) character file.

19653 tidbits the Covert (level 12, 23/89 (91) HPs)
             Began as a Gnoll Enchanter on June 9, 2018.
             Was a High Priest of Cheibriados.
             Quit the game on level 2 of the Spider Nest on June 12, 2018.
             The game lasted 00:50:25 (3965 turns).

tidbits the Covert (Gnoll Enchanter)                Turns: 3965, Time: 00:50:26

HP:   23/89 (91)    AC: 13    Str: 27    XL:     12   Next: 71%
MP:   15/25         EV: 21    Int: 28    God:    Cheibriados [*****.]
Gold: 657           SH:  0    Dex: 28    Spells: 21/29 levels left

rFire    . . .     SeeInvis +   a - +11 dagger "Zuilalim" {venom, *Drain rN+++ Str+5 Int-5}
rCold    + . .     Gourm    .   D - +0 buckler
rNeg     + + +     Faith    .   Q - +0 troll leather armour
rPois    +         Spirit   .   E - +1 helmet
rElec    .         Reflect  .   C - +2 cloak
rCorr    .         Harm     +   (no gloves)
MR       +....                  F - +1 pair of boots
Stlth    ++........             Y - amulet of harm
HPRegen  0.64/turn              s - ring of see invisible
MPRegen  0.19/turn              e - ring of protection from cold

@: confused, very slow
A: distributed training, fangs 1, deterioration 1, dopey 1, magic resistance 1,
poison resistance, strong nose
a: Bend Time, Temporal Distortion, Slouch, Step From Time, Renounce Religion


You were on level 2 of the Spider Nest.
You worshipped Cheibriados.
Cheibriados was extremely pleased with you.
You were not hungry.

You visited 4 branches of the dungeon, and saw 17 of its levels.

You collected 1188 gold pieces.
You spent 531 gold pieces at shops.

Inventory:

Hand Weapons
 a - the +11 dagger "Zuilalim" (weapon) {venom, *Drain rN+++ Str+5 Int-5}
   (You found it on level 4 of the Dungeon)

   It poisons the flesh of those it strikes.
   It affects your strength (+5).
   It affects your intelligence (-5).
   It renders you almost immune to negative energy.
   It causes draining when unequipped.
 i - a +1 shortbow of flaming
   (You took it off a centaur on level 2 of the Orcish Mines)
 j - a +0 short sword
 l - a +2 whip of freezing
   (You took it off a kobold on level 1 of the Dungeon)
 n - a +1 demon blade of flaming
   (You bought it in a shop on level 2 of the Orcish Mines)
 o - a +1 dagger
 v - a cursed -3 arbalest
 w - a +0 war axe
 y - a +0 morningstar
 A - a +0 scimitar
 G - a +0 shortbow
 L - a +0 arbalest
 R - a +0 broad axe
Missiles
 f - 233 arrows
 h - 429 bolts
 t - 27 tomahawks
 J - 5 curare-tipped needles
 M - 3 poisoned javelins (quivered)
 N - a throwing net {!f}
Armour
 u - a +0 robe
 B - the +5 ring mail "Pasm" {+Blink rC+ Int+4 Slay+3}
   (You found it on level 6 of the Dungeon)

   It affects your intelligence (+4).
   It affects your accuracy and damage with ranged weapons and melee attacks
   (+3).
   It protects you from cold.
   It lets you blink.
 C - a +2 cloak (worn)
 D - a +0 buckler (worn)
 E - a +1 helmet (worn)
 F - a +1 pair of boots (worn)
 P - a +0 shield
 Q - a +0 troll leather armour (worn)
Magical Staves
 x - a cursed staff of power {unknown}
   (You found it on level 4 of the Dungeon)
Jewellery
 e - a ring of protection from cold (right hand)
   (You found it on level 8 of the Dungeon)
 r - an uncursed amulet of the gourmand
   (You found it on level 5 of the Dungeon)
 s - a ring of see invisible (left hand)
   (You found it on level 3 of the Dungeon)
 H - an uncursed ring of positive energy
   (You found it on level 9 of the Dungeon)
 Y - an amulet of harm (around neck)
   (You found it on level 1 of the Lair of Beasts)
Wands
 p - a wand of paralysis (1)
 X - a wand of iceblast (11)
 Z - a wand of flame (26)
Scrolls
 g - a scroll of fog
 m - a scroll of noise
 q - a scroll of vulnerability
 z - a scroll of magic mapping
 K - a scroll of random uselessness
 O - a scroll of enchant weapon
 S - a scroll of remove curse {unknown}
Potions
 k - 3 potions of resistance
 I - a potion of lignification
 T - a potion of heal wounds {unknown}
 U - a potion of might {unknown}
 V - a potion of brilliance {unknown}
Books
 b - a book of Fire
   (You found it on level 6 of the Dungeon)

   Spells                             Type                      Level
   a - Ignite Poison                  Fire/Transmutation/Poison    3
   b - Fireball                       Conjuration/Fire             5
   c - Bolt of Fire                   Conjuration/Fire             6
   d - Ring of Flames                 Charms/Fire                  7
   e - Ignition                       Fire                         8
 d - a book of Maledictions

   Spells                             Type                      Level
   a - Corona                         Hexes                        1
   b - Ensorcelled Hibernation        Hexes/Ice                    2
   c - Confuse                        Hexes                        3
   d - Tukima's Dance                 Hexes                        3
   e - Dazzling Spray                 Conjuration/Hexes            3
 W - a book of Power
   (You found it on level 1 of the Lair of Beasts)

   Spells                             Type                      Level
   a - Iskenderun's Battlesphere      Conjuration/Charms           5
   b - Venom Bolt                     Conjuration/Poison           5
   c - Bolt of Magma                  Conjuration/Fire/Earth       5
   d - Iron Shot                      Conjuration/Earth            6
   e - Orb of Destruction             Conjuration                  7
   f - Spellforged Servitor           Conjuration/Summoning        7
Comestibles
 c - 24 rations


   Skills:
 + Level 7.4 Fighting
 + Level 7.9 Short Blades
 + Level 7.4 Long Blades
 + Level 7.4 Axes
 + Level 7.4 Maces & Flails
 + Level 7.4 Polearms
 + Level 7.4 Staves
 + Level 7.4 Slings
 + Level 7.4 Bows
 + Level 7.4 Crossbows
 + Level 7.4 Throwing
 + Level 7.4 Armour
 + Level 8.8 Dodging
 + Level 9.6 Stealth
 + Level 7.4 Shields
 + Level 7.4 Unarmed Combat
 + Level 9.0 Spellcasting
 + Level 6.1 Conjurations
 + Level 8.3 Hexes
 + Level 6.1 Charms
 + Level 6.1 Summonings
 + Level 6.1 Necromancy
 + Level 6.1 Translocations
 + Level 6.1 Transmutations
 + Level 6.1 Fire Magic
 + Level 6.1 Ice Magic
 + Level 6.1 Air Magic
 + Level 6.1 Earth Magic
 + Level 6.1 Poison Magic
 + Level 8.1 Invocations
 + Level 7.4 Evocations


You had 21 spell levels left.
You knew the following spells:

 Your Spells              Type           Power        Failure   Level  Hunger
c - Confuse               Hex            ######..     1%          3    None
d - Dazzling Spray        Conj/Hex       ######       1%          3    None
e - Ensorcelled Hibernat  Hex/Ice        ######       1%          2    None


Dungeon Overview and Level Annotations

Branches:
Dungeon (11/15)            Temple (0/1) D:7            Lair (2/6) D:11
 Spider (2/4) Lair:2          Orc (2/2) D:9             Elf (0/3) Orc:2
  Swamp: Lair:2-4    Shoals: Lair:2-4

Altars:
Cheibriados
Dithmenos
Gozag
Hepliaklqana
Kikubaaqudgha
Makhleb
Nemelex Xobeh
Trog
Vehumet
Wu Jian
The Shining One

Shops:
D:4 *   Orc:2 %(((


Innate Abilities, Weirdness & Mutations

Your experience applies equally to all skills.
You have very sharp teeth.
Your uncanny sense of smell can sniff out nearby items.
Your body sometimes deteriorates upon taking damage.
You are dopey. (Int -2)
You are resistant to hostile enchantments. (MR+)
Your system is resistant to poisons. (rPois)


Message History

You are confused.
Okay, then.
You bump into the rock wall.
The tarantella barely misses you. The tarantella misses you.
The tarantella bites you but does no damage.
A wolf spider comes into view.
You bump into the rock wall.
The wolf spider hisses angrily.
The tarantella closely misses you.
The tarantella bites you but does no damage. x2
You miss the tarantella. The tarantella closely misses you.
The tarantella barely misses you.
You're too confused to move!
You feel less confused. The tarantella closely misses you.
The tarantella bites you.
* * * LOW HITPOINT WARNING * * *
You block the tarantella's attack.
You puncture the tarantella!
The tarantella is heavily wounded.
You block the tarantella's attack. The tarantella closely misses you.
You completely miss the tarantella.
The tarantella is moderately wounded.
The tarantella misses you. The tarantella completely misses you.
You hit the tarantella.
The tarantella is poisoned.
The tarantella is severely wounded.
You block the tarantella's attack.
You puncture the tarantella!
You kill the tarantella!
Cheibriados appreciates the change of pace.
You block the tarantella's attack.
You puncture the tarantella!
The tarantella is poisoned.
The tarantella is severely wounded.
You kill the tarantella!
Cheibriados thoroughly appreciates the change of pace.
Casting: Dazzling Spray
Confirm with . or Enter, or press ? or * to list all spells.
Aiming: Ensorcelled Hibernation
Press: ? - help, Shift-Dir - straight line, f - wolf spider
Aim: a wolf spider (clinging, chance to defeat MR: 72%)
The wolf spider looks drowsy...
The helpless wolf spider fails to defend itself.
You spit the wolf spider like a pig!!!!
You kill the wolf spider!
Cheibriados thoroughly appreciates the change of pace.
You feel your dexterity returning.
You see here a tarantella corpse.
Found a stone staircase leading down.
You see here a poisoned javelin.
M - 3 poisoned javelins (gained 1)
There is a stone staircase leading down here.
You climb downwards.
A hornet comes into view.
Found a stone staircase leading up.
There is a stone staircase leading up here.
The hornet closely misses you. You block the hornet's attack. x2
Casting: Ensorcelled Hibernation
Confirm with . or Enter, or press ? or * to list all spells.
Aiming: Ensorcelled Hibernation
Press: ? - help, Shift-Dir - straight line, f - hornet
Aim: a hornet (chance to defeat MR: 64%)
The hornet resists with significant effort.
The hornet stings you but does no damage.
Casting: Ensorcelled Hibernation
Confirm with . or Enter, or press ? or * to list all spells.
Aiming: Ensorcelled Hibernation
Press: ? - help, Shift-Dir - straight line, f/p - hornet
Aim: a hornet (chance to defeat MR: 64%)
The hornet looks drowsy...
The helpless hornet fails to defend itself.
You perforate the hornet like a sieve!!!!
You kill the hornet!
Cheibriados thoroughly appreciates the change of pace.
There is a stone staircase leading up here.
You climb upwards.
A jumping spider comes into view.
The jumping spider moves out of view.
Found a ration.
There is a stone staircase leading down here.
You climb downwards.
There is a stone staircase leading up here.
Unknown command.
Found 21 stones.
Found 7 sling bullets. 2 tarantellas come into view. 2 tarantellas and an entropy weaver come into view.
The tarantella hisses angrily. x2; You hear an angry hiss.
A jumping spider comes into view.
The tarantella misses you. The tarantella closely misses you.
The tarantella bites you!
* * * LOW HITPOINT WARNING * * *
You are confused.
The tarantella bites you!
* * * LOW HITPOINT WARNING * * *
You are more confused.
The tarantella closely misses you.
Unknown command.
You're too confused to cast spells.
Okay, then.
Unknown command.
Are you sure you want to abandon this character and quit the game? (Confirm with "yes".)

##....# .##..#
.....##...#...##
#†...##...#.#^.
#####............#
##......#...#.....#
#...^.......#.....
##^.#.............
#.....#<.<..#.#.
......##.##@#.#
#..##.######s##..
#... #. ##sss# ..
#.. .. #..s.# ..#
#.........s# ..
#...........#
#........^..#
##..(..#....#
....(###......


You could see a jumping spider and 4 tarantellas.

Vanquished Creatures
  4 two-headed ogres
  2 orc knights (Orc:2)
  An orc sorcerer (Orc:2)
  5 wolf spiders (Spider:1)
  The ghost of tidbits the Caller, a novice GnSu of Cheibriados (D:8)
  The ghost of Kagorn the Shield-Bearer, a novice GrFi (D:5)
  A centaur skeleton (D:10)
  A gargoyle (D:9)
  A kobold demonologist (D:11)
  A queen bee (D:10)
  3 trolls
  3 jumping spiders (Spider:1)
  A blink frog (Lair:2)
  A hippogriff (D:9)
  A hornet (Spider:2)
  3 redbacks (Spider:1)
  7 tarantellas (Spider:1)
  A yak (D:11)
  A wyvern (D:8)
  A warg (Orc:2)
  2 water moccasins
  A porcupine (D:11)
  3 ice beasts
  22 orc warriors
  A necrophage (D:10)
  3 black bears
  3 phantoms
  6 ogres
  An eye of draining (D:10)
  12 centaurs
  3 crocodiles (Lair:1)
  A big kobold (D:9)
  3 gnoll sergeants (D:9)
  6 bullfrogs
  4 scorpions
  25 killer bees (D:10)
  2 howler monkeys
  7 wights
  The ghost of 4thArraOfDagon the Grave Robber, a weakling GnNe (D:4)
  A crimson imp (D:9)
  A centaur zombie (D:10)
  4 hounds
  A bullfrog skeleton (D:4)
  A jelly (D:7)
  10 orc wizards
  5 iguanas
  6 worker ants
  2 hound skeletons
  A mummy (D:7)
  A worker ant zombie (D:8)
  A howler monkey zombie (D:7)
  2 gnolls (D:9)
  A howler monkey skeleton (D:9)
  10 adders
  3 shadow imps
  4 oozes
  3 adder skeletons
  3 worms
  2 dart slugs
  A leopard gecko (D:6)
  31 orcs
  A bat (D:2)
  4 giant cockroaches
  5 goblins
  3 hobgoblins
  3 jackals (D:4)
  2 kobolds
  2 quokkas
  A ball python skeleton (D:4)
  A frilled lizard (D:1)
  A leopard gecko zombie (D:5)
  5 rats
268 creatures vanquished.

Notes
Turn   | Place    | Note
-------+----------+-------------------------------------------
     0 | D:1      | tidbits the Gnoll Enchanter began the quest for the Orb.
     0 | D:1      | Reached XP level 1. HP: 13/13 MP: 6/6
    33 | D:1      | Reached XP level 2. HP: 12/19 MP: 5/7
    38 | D:1      | Learned a level 2 spell: Ensorcelled Hibernation
   189 | D:1      | Reached XP level 3. HP: 25/25 MP: 0/9
   237 | D:2      | Reached skill level 5 in Spellcasting
   275 | D:2      | Reached skill level 6 in Stealth
   275 | D:2      | Reached skill level 1 in Invocations
   354 | D:2      | Reached skill level 1 in Fighting
   354 | D:2      | Reached skill level 1 in Long Blades
   354 | D:2      | Reached skill level 1 in Axes
   354 | D:2      | Reached skill level 1 in Maces & Flails
   354 | D:2      | Reached skill level 1 in Polearms
   354 | D:2      | Reached skill level 1 in Staves
   354 | D:2      | Reached skill level 1 in Slings
   354 | D:2      | Reached skill level 1 in Bows
   354 | D:2      | Reached skill level 1 in Crossbows
   354 | D:2      | Reached skill level 1 in Throwing
   354 | D:2      | Reached skill level 1 in Armour
   354 | D:2      | Reached skill level 1 in Shields
   354 | D:2      | Reached skill level 1 in Unarmed Combat
   354 | D:2      | Reached skill level 1 in Evocations
   476 | D:3      | Reached XP level 4. HP: 23/32 MP: 8/11
   495 | D:4      | Got an ebony dagger
   501 | D:4      | Identified the +11 dagger "Zuilalim" {venom, *Drain rN+++ Str+5 Int-5} (You found it on level 4 of the Dungeon)
   505 | D:4      | Reached skill level 1 in Conjurations
   505 | D:4      | Reached skill level 1 in Charms
   505 | D:4      | Reached skill level 1 in Summonings
   505 | D:4      | Reached skill level 1 in Necromancy
   505 | D:4      | Reached skill level 1 in Translocations
   505 | D:4      | Reached skill level 1 in Transmutations
   505 | D:4      | Reached skill level 1 in Fire Magic
   505 | D:4      | Reached skill level 1 in Ice Magic
   505 | D:4      | Reached skill level 1 in Air Magic
   505 | D:4      | Reached skill level 1 in Earth Magic
   505 | D:4      | Reached skill level 1 in Poison Magic
   505 | D:4      | Reached XP level 5. HP: 21/37 MP: 3/12
   526 | D:4      | Reached skill level 3 in Short Blades
   560 | D:4      | Reached XP level 6. HP: 19/44 MP: 9/13
   572 | D:4      | Learned a level 3 spell: Confuse
   576 | D:4      | Learned a level 3 spell: Dazzling Spray
   583 | D:4      | Found Tyirul's Assorted Antiques.
   592 | D:4      | Bought a metallic silvery potion for 21 gold pieces
   592 | D:4      | Bought a scroll labeled VIUFOK HIOGUGO for 24 gold pieces
   600 | D:4      | Reached skill level 2 in Invocations
   609 | D:5      | Entered Level 5 of the Dungeon
   715 | D:5      | Found a radiant altar of Vehumet.
   718 | D:5      | Noticed an ice beast
   725 | D:5      | Found a hazy altar of Hepliaklqana.
   726 | D:5      | Killed an ice beast
   726 | D:5      | Reached skill level 2 in Fighting
   726 | D:5      | Reached skill level 2 in Long Blades
   726 | D:5      | Reached skill level 2 in Axes
   726 | D:5      | Reached skill level 2 in Maces & Flails
   726 | D:5      | Reached skill level 2 in Polearms
   726 | D:5      | Reached skill level 2 in Staves
   726 | D:5      | Reached skill level 2 in Slings
   726 | D:5      | Reached skill level 2 in Bows
   726 | D:5      | Reached skill level 2 in Crossbows
   726 | D:5      | Reached skill level 2 in Throwing
   726 | D:5      | Reached skill level 2 in Armour
   726 | D:5      | Reached skill level 5 in Dodging
   726 | D:5      | Reached skill level 2 in Shields
   726 | D:5      | Reached skill level 2 in Unarmed Combat
   726 | D:5      | Reached skill level 2 in Evocations
   980 | D:3      | Found an ornate altar of the Wu Jian Council.
  1014 | D:3      | Reached XP level 7. HP: 31/50 MP: 12/15
  1051 | D:4      | Noticed 4thArraOfDagon's ghost (weakling GnNe)
  1059 | D:4      | Killed 4thArraOfDagon's ghost
  1067 | D:4      | Found a sparkling altar of Nemelex Xobeh.
  1068 | D:4      | Found an opulent altar of Gozag.
  1211 | D:5      | Reached skill level 2 in Conjurations
  1211 | D:5      | Reached skill level 2 in Charms
  1211 | D:5      | Reached skill level 2 in Summonings
  1211 | D:5      | Reached skill level 2 in Necromancy
  1211 | D:5      | Reached skill level 2 in Translocations
  1211 | D:5      | Reached skill level 2 in Transmutations
  1211 | D:5      | Reached skill level 2 in Fire Magic
  1211 | D:5      | Reached skill level 2 in Ice Magic
  1211 | D:5      | Reached skill level 2 in Air Magic
  1211 | D:5      | Reached skill level 2 in Earth Magic
  1211 | D:5      | Reached skill level 2 in Poison Magic
  1216 | D:5      | Noticed Kagorn's ghost (novice GrFi)
  1236 | D:5      | HP: 3/51 [Kagorn's ghost (9)]
  1242 | D:5      | Killed Kagorn's ghost
  1242 | D:5      | Reached skill level 6 in Hexes
  1242 | D:5      | Reached skill level 3 in Invocations
  1242 | D:5      | Reached XP level 8. HP: 6/57 MP: 2/16
  1252 | D:5      | HP: 4/57 [hound (4)]
  1256 | D:5      | Reached skill level 3 in Fighting
  1256 | D:5      | Reached skill level 4 in Short Blades
  1256 | D:5      | Reached skill level 3 in Long Blades
  1256 | D:5      | Reached skill level 3 in Axes
  1256 | D:5      | Reached skill level 3 in Maces & Flails
  1256 | D:5      | Reached skill level 3 in Polearms
  1256 | D:5      | Reached skill level 3 in Staves
  1256 | D:5      | Reached skill level 3 in Slings
  1256 | D:5      | Reached skill level 3 in Bows
  1256 | D:5      | Reached skill level 3 in Crossbows
  1256 | D:5      | Reached skill level 3 in Throwing
  1256 | D:5      | Reached skill level 3 in Armour
  1256 | D:5      | Reached skill level 3 in Shields
  1256 | D:5      | Reached skill level 3 in Unarmed Combat
  1256 | D:5      | Reached skill level 3 in Evocations
  1282 | D:5      | Found a shadowy altar of Dithmenos.
  1354 | D:6      | Reached skill level 6 in Spellcasting
  1480 | D:7      | Reached skill level 7 in Stealth
  1513 | D:6      | Found a glowing golden altar of the Shining One.
  1522 | D:6      | Got a warped ring mail
  1533 | D:6      | Identified the +5 ring mail "Pasm" {+Blink rC+ Int+4 Slay+3} (You found it on level 6 of the Dungeon)
  1608 | D:7      | Found a snail-covered altar of Cheibriados.
  1624 | D:7      | Became a worshipper of Cheibriados the Contemplative
  1638 | D:7      | Reached skill level 3 in Conjurations
  1638 | D:7      | Reached skill level 3 in Charms
  1638 | D:7      | Reached skill level 3 in Summonings
  1638 | D:7      | Reached skill level 3 in Necromancy
  1638 | D:7      | Reached skill level 3 in Translocations
  1638 | D:7      | Reached skill level 3 in Transmutations
  1638 | D:7      | Reached skill level 3 in Fire Magic
  1638 | D:7      | Reached skill level 3 in Ice Magic
  1638 | D:7      | Reached skill level 3 in Air Magic
  1638 | D:7      | Reached skill level 3 in Earth Magic
  1638 | D:7      | Reached skill level 3 in Poison Magic
  1638 | D:7      | Reached skill level 4 in Invocations
  1696 | D:7      | Found a staircase to the Ecumenical Temple.
  1702 | D:7      | Reached XP level 9. HP: 65/65 MP: 15/18
  1721 | D:7      | Reached skill level 6 in Dodging
  1758 | D:7      | Found an ancient bone altar of Kikubaaqudgha.
  1778 | D:7      | Reached * piety under Cheibriados
  1918 | D:10     | Entered Level 10 of the Dungeon
  1932 | D:9      | Noticed a gargoyle
  1939 | D:9      | Killed a gargoyle
  1939 | D:9      | Reached skill level 4 in Fighting
  1939 | D:9      | Reached skill level 4 in Long Blades
  1939 | D:9      | Reached skill level 4 in Axes
  1939 | D:9      | Reached skill level 4 in Maces & Flails
  1939 | D:9      | Reached skill level 4 in Polearms
  1939 | D:9      | Reached skill level 4 in Staves
  1939 | D:9      | Reached skill level 4 in Slings
  1939 | D:9      | Reached skill level 4 in Bows
  1939 | D:9      | Reached skill level 4 in Crossbows
  1939 | D:9      | Reached skill level 4 in Throwing
  1939 | D:9      | Reached skill level 4 in Armour
  1939 | D:9      | Reached skill level 4 in Shields
  1939 | D:9      | Reached skill level 4 in Unarmed Combat
  1939 | D:9      | Reached skill level 4 in Evocations
  1949 | D:8      | Reached skill level 5 in Short Blades
  2000 | D:9      | Found a bloodstained altar of Trog.
  2087 | D:9      | Noticed a troll
  2089 | D:9      | Killed a troll
  2089 | D:9      | Reached skill level 5 in Invocations
  2179 | D:9      | Noticed a two-headed ogre
  2183 | D:9      | Killed a two-headed ogre
  2183 | D:9      | Reached skill level 7 in Spellcasting
  2183 | D:9      | Reached skill level 4 in Conjurations
  2183 | D:9      | Reached skill level 4 in Charms
  2183 | D:9      | Reached skill level 4 in Summonings
  2183 | D:9      | Reached skill level 4 in Necromancy
  2183 | D:9      | Reached skill level 4 in Translocations
  2183 | D:9      | Reached skill level 4 in Transmutations
  2183 | D:9      | Reached skill level 4 in Fire Magic
  2183 | D:9      | Reached skill level 4 in Ice Magic
  2183 | D:9      | Reached skill level 4 in Air Magic
  2183 | D:9      | Reached skill level 4 in Earth Magic
  2183 | D:9      | Reached skill level 4 in Poison Magic
  2183 | D:9      | Reached XP level 10. HP: 61/73 MP: 15/20
  2264 | D:9      | Reached skill level 5 in Fighting
  2264 | D:9      | Reached skill level 5 in Long Blades
  2264 | D:9      | Reached skill level 5 in Axes
  2264 | D:9      | Reached skill level 5 in Maces & Flails
  2264 | D:9      | Reached skill level 5 in Polearms
  2264 | D:9      | Reached skill level 5 in Staves
  2264 | D:9      | Reached skill level 5 in Slings
  2264 | D:9      | Reached skill level 5 in Bows
  2264 | D:9      | Reached skill level 5 in Crossbows
  2264 | D:9      | Reached skill level 5 in Throwing
  2264 | D:9      | Reached skill level 5 in Armour
  2264 | D:9      | Reached skill level 5 in Shields
  2264 | D:9      | Reached skill level 5 in Unarmed Combat
  2264 | D:9      | Reached skill level 5 in Evocations
  2282 | D:9      | Found a staircase to the Orcish Mines.
  2309 | D:9      | Reached skill level 7 in Hexes
  2319 | D:9      | Gained mutation: Your body sometimes deteriorates upon taking damage. [potion of mutation]
  2319 | D:9      | Gained mutation: Your system is resistant to poisons. (rPois) [potion of mutation]
  2319 | D:9      | Gained mutation: You are dopey. (Int -2) [potion of mutation]
  2319 | D:9      | Gained mutation: You are resistant to hostile enchantments. (MR+) [potion of mutation]
  2321 | D:9      | HP: 1/74 [gnoll sergeant/enchanted trident (10)]
  2357 | D:8      | Reached ** piety under Cheibriados
  2357 | D:8      | Reached skill level 8 in Stealth
  2359 | D:8      | Noticed tidbits's ghost (novice GnSu)
  2362 | D:8      | Reached skill level 7 in Dodging
  2369 | D:8      | Killed tidbits's ghost
  2448 | D:9      | Noticed a two-headed ogre
  2451 | D:9      | Killed a two-headed ogre
  2451 | D:9      | Reached skill level 6 in Short Blades
  2451 | D:9      | Reached skill level 6 in Invocations
  2595 | Orc:1    | Entered Level 1 of the Orcish Mines
  2629 | Orc:2    | Entered Level 2 of the Orcish Mines
  2629 | Orc:2    | Noticed an orc sorcerer
  2635 | Orc:2    | Killed an orc sorcerer
  2721 | Orc:1    | Reached XP level 11. HP: 69/81 MP: 19/22
  2768 | Orc:1    | You fall through a shaft!
  2768 | Orc:2    | Noticed an orc knight
  2785 | Orc:2    | Found a staircase to the Elven Halls.
  2787 | Orc:2    | Found a burning altar of Makhleb.
  2877 | Orc:2    | Reached *** piety under Cheibriados
  2925 | Orc:2    | Reached skill level 6 in Fighting
  2925 | Orc:2    | Reached skill level 6 in Long Blades
  2925 | Orc:2    | Reached skill level 6 in Axes
  2925 | Orc:2    | Reached skill level 6 in Maces & Flails
  2925 | Orc:2    | Reached skill level 6 in Polearms
  2925 | Orc:2    | Reached skill level 6 in Staves
  2925 | Orc:2    | Reached skill level 6 in Slings
  2925 | Orc:2    | Reached skill level 6 in Bows
  2925 | Orc:2    | Reached skill level 6 in Crossbows
  2925 | Orc:2    | Reached skill level 6 in Throwing
  2925 | Orc:2    | Reached skill level 6 in Armour
  2925 | Orc:2    | Reached skill level 6 in Shields
  2925 | Orc:2    | Reached skill level 6 in Unarmed Combat
  2925 | Orc:2    | Reached skill level 6 in Evocations
  2983 | Orc:2    | Reached skill level 5 in Conjurations
  2983 | Orc:2    | Reached skill level 5 in Charms
  2983 | Orc:2    | Reached skill level 5 in Summonings
  2983 | Orc:2    | Reached skill level 5 in Necromancy
  2983 | Orc:2    | Reached skill level 5 in Translocations
  2983 | Orc:2    | Reached skill level 5 in Transmutations
  2983 | Orc:2    | Reached skill level 5 in Fire Magic
  2983 | Orc:2    | Reached skill level 5 in Ice Magic
  2983 | Orc:2    | Reached skill level 5 in Air Magic
  2983 | Orc:2    | Reached skill level 5 in Earth Magic
  2983 | Orc:2    | Reached skill level 5 in Poison Magic
  3011 | Orc:2    | Reached skill level 8 in Spellcasting
  3023 | Orc:2    | Killed an orc knight
  3027 | Orc:2    | Noticed an orc knight
  3038 | Orc:2    | Killed an orc knight
  3106 | Orc:2    | Found Ubbuf's Weapon Boutique.
  3106 | Orc:2    | Found Genach's Antique Weapon Shoppe.
  3108 | Orc:2    | Found Zoynet's Food Emporium.
  3110 | Orc:2    | Found Toasul's Antique Weapon Shop.
  3126 | Orc:2    | Bought a glowing demon blade for 486 gold pieces
  3148 | Orc:2    | Reached skill level 7 in Invocations
  3228 | D:8      | Reached **** piety under Cheibriados
  3267 | D:10     | Reached skill level 7 in Short Blades
  3267 | D:10     | Reached skill level 8 in Dodging
  3450 | D:10     | Found an ancient bone altar of Kikubaaqudgha.
  3461 | D:10     | Reached skill level 9 in Stealth
  3461 | D:10     | Reached ***** piety under Cheibriados
  3552 | D:10     | Noticed a two-headed ogre
  3558 | D:10     | Killed a two-headed ogre
  3558 | D:10     | Reached XP level 12. HP: 71/87 MP: 11/24
  3573 | D:10     | Noticed a two-headed ogre
  3576 | D:10     | Killed a two-headed ogre
  3576 | D:10     | Reached skill level 8 in Hexes
  3675 | D:11     | Found a staircase to the Lair.
  3686 | Lair:1   | Entered Level 1 of the Lair of Beasts
  3736 | Lair:1   | Reached skill level 7 in Fighting
  3736 | Lair:1   | Reached skill level 7 in Long Blades
  3736 | Lair:1   | Reached skill level 7 in Axes
  3736 | Lair:1   | Reached skill level 7 in Maces & Flails
  3736 | Lair:1   | Reached skill level 7 in Polearms
  3736 | Lair:1   | Reached skill level 7 in Staves
  3736 | Lair:1   | Reached skill level 7 in Slings
  3736 | Lair:1   | Reached skill level 7 in Bows
  3736 | Lair:1   | Reached skill level 7 in Crossbows
  3736 | Lair:1   | Reached skill level 7 in Throwing
  3736 | Lair:1   | Reached skill level 7 in Armour
  3736 | Lair:1   | Reached skill level 7 in Shields
  3736 | Lair:1   | Reached skill level 7 in Unarmed Combat
  3736 | Lair:1   | Reached skill level 7 in Evocations
  3823 | Lair:2   | Found a hole to the Spider Nest.
  3835 | Spider:1 | Entered Level 1 of the Spider Nest
  3891 | Spider:1 | Reached skill level 6 in Conjurations
  3891 | Spider:1 | Reached skill level 6 in Charms
  3891 | Spider:1 | Reached skill level 6 in Summonings
  3891 | Spider:1 | Reached skill level 6 in Necromancy
  3891 | Spider:1 | Reached skill level 6 in Translocations
  3891 | Spider:1 | Reached skill level 6 in Transmutations
  3891 | Spider:1 | Reached skill level 6 in Fire Magic
  3891 | Spider:1 | Reached skill level 6 in Ice Magic
  3891 | Spider:1 | Reached skill level 6 in Air Magic
  3891 | Spider:1 | Reached skill level 6 in Earth Magic
  3891 | Spider:1 | Reached skill level 6 in Poison Magic
  3908 | Spider:1 | Reached skill level 8 in Invocations
  3919 | Spider:1 | Reached skill level 9 in Spellcasting
  3961 | Spider:2 | Noticed an entropy weaver
  3965 | Spider:2 | Quit the game

Skill      XL: |  1  2  3  4  5  6  7  8  9 10 11 12 |
---------------+-------------------------------------+-----
Spellcasting   | 5 6 7 8 9 |  9.0
Stealth        | 6 7 8 9 |  9.6
Invocations    | 1 2 3 4 5 6 7 8 |  8.1
Fighting       | 1 2 3 4 5 6 7 |  7.4
Long Blades    | 1 2 3 4 5 6 7 |  7.4
Axes           | 1 2 3 4 5 6 7 |  7.4
Maces & Flails | 1 2 3 4 5 6 7 |  7.4
Polearms       | 1 2 3 4 5 6 7 |  7.4
Staves         | 1 2 3 4 5 6 7 |  7.4
Slings         | 1 2 3 4 5 6 7 |  7.4
Bows           | 1 2 3 4 5 6 7 |  7.4
Crossbows      | 1 2 3 4 5 6 7 |  7.4
Throwing       | 1 2 3 4 5 6 7 |  7.4
Armour         | 1 2 3 4 5 6 7 |  7.4
Shields        | 1 2 3 4 5 6 7 |  7.4
Unarmed Combat | 1 2 3 4 5 6 7 |  7.4
Evocations     | 1 2 3 4 5 6 7 |  7.4
Conjurations   | 1 2 3 4 5 6 |  6.1
Charms         | 1 2 3 4 5 6 |  6.1
Summonings     | 1 2 3 4 5 6 |  6.1
Necromancy     | 1 2 3 4 5 6 |  6.1
Translocations | 1 2 3 4 5 6 |  6.1
Transmutations | 1 2 3 4 5 6 |  6.1
Fire Magic     | 1 2 3 4 5 6 |  6.1
Ice Magic      | 1 2 3 4 5 6 |  6.1
Air Magic      | 1 2 3 4 5 6 |  6.1
Earth Magic    | 1 2 3 4 5 6 |  6.1
Poison Magic   | 1 2 3 4 5 6 |  6.1
Short Blades   | 3 4 5 6 7 |  7.9
Dodging        | 5 6 7 8 |  8.8
Hexes          | 6 7 8 |  8.3

Action                   |  1- 3 |  4- 6 |  7- 9 | 10-12 || total
-------------------------+-------+-------+-------+-------++-------
Melee: Dagger            |    37 |    46 |   119 |   249 ||   451
       Bite              |     2 |     4 |    12 |    32 ||    50
       Punch             |       |       |     1 |     1 ||     2
Throw: Javelin           |     4 |     3 |       |     4 ||    11
 Cast: Corona            |     6 |     1 |       |       ||     7
       Ensorcelled Hiber |    10 |     4 |    25 |    98 ||   137
       Confuse           |       |     1 |    18 |     9 ||    28
       Dazzling Spray    |       |       |       |     2 ||     2
Invok: Slouch            |       |       |       |     2 ||     2
Evoke: Wand              |       |       |       |    18 ||    18
  Use: Scroll            |     1 |     4 |     3 |     7 ||    15
       Potion            |     2 |     1 |     2 |     3 ||     8
 Stab: Sleeping          |    14 |    10 |    20 |    66 ||   110
       Confused          |       |       |     8 |     4 ||    12
       Paralysed         |       |       |       |    10 ||    10
  Eat: Chunk             |       |       |     5 |     3 ||     8
Armor: Robe              |     5 |     7 |    14 |       ||    26
       Ring mail         |       |       |    20 |    53 ||    73
       Troll leather arm |       |       |       |    22 ||    22
Dodge: Dodged            |    22 |    17 |    52 |   264 ||   355
Block: Buckler           |       |       |       |   102 ||   102

Table legend:
 A = Turns spent in this place as a percentage of turns spent in the entire game.
 B = Non-inter-level travel turns spent in this place as a percentage of non-inter-level travel turns spent in the entire game.
 C = Inter-level travel turns spent in this place as a percentage of turns spent in this place.
 D = Turns resting spent in this place as a percentage of non-inter-level travel turns spent in this place.
 E = Turns spent auto-exploring this place as a percentage of non-inter-level travel turns spent in this place.
 F = Non-inter-level travel turns spent in this place divided by the number of levels of this place that you've seen.
                   A       B       C       D       E      F
               +-------+-------+-------+-------+-------+----------------------
         Total | 100.0 | 100.0 |   1.2 |   0.0 |   0.0 | 230.5
       Dungeon |  78.0 |  78.2 |   0.9 |   0.0 |   0.0 | 278.6
          Lair |   3.8 |   3.8 |   0.0 |   0.0 |   0.0 |  74.5
   Spider Nest |   3.3 |   3.3 |   0.0 |   0.0 |   0.0 |  65.0
  Orcish Mines |  14.9 |  14.7 |   2.9 |   0.0 |   0.0 | 287.5
               +-------+-------+-------+-------+-------+----------------------

Table legend:
 A = Kills in this place as a percentage of kills in entire the game.
 B = Kills by you in this place as a percentage of kills by you in the entire game.
 C = Kills by friends in this place as a percentage of kills by friends in the entire game.
 D = Other kills in this place as a percentage of other kills in the entire game.
 E = Experience gained in this place as a percentage of experience gained in the entire game.
 F = Experience gained in this place divided by the number of levels of this place that you have seen.
                   A       B       C       D       E      F
               +-------+-------+-------+-------+-------+----------------------
         Total | 100.0 | 100.0 |   N/A |   N/A | 100.0 | 1651.5
       Dungeon |  70.9 |  70.9 |   N/A |   N/A |  52.4 | 1338.4
          Lair |   2.6 |   2.6 |   N/A |   N/A |   3.2 | 455.5
   Spider Nest |   7.1 |   7.1 |   N/A |   N/A |  21.5 | 3021.5
  Orcish Mines |  19.4 |  19.4 |   N/A |   N/A |  22.8 | 3200.0
               +-------+-------+-------+-------+-------+----------------------

Vault maps used:
D:1:      lightli_arrival_isolated_outpost
D:2:      minmay_kobold_bridge
D:3:      overflow_temple_1_default, first_ration
D:4:      grunt_temple_overflow_opulence, serial_shops, nicolae_shop_crystal,
          st_stairs_4, kennysheep_okawaru_gauntlet
D:5:      kennysheep_ying_yang, lemuel_crystal_altar, old_standard_altar,
          nicolae_overflow_hidden_temple, minmay_stone_trees_small
D:6:      basic_altar
D:7:      kennysheep_seaside_town, slow_altar_1, kennysheep_mini_moat,
          minmay_temple_entry_statues_pillars, uniq_joseph
D:9:      trog_ov_bears_minmay, kennysheep_orc_monster_closet_entryway,
          grunt_ogre_cave, hex_large
D:10:     basic_altar
D:11:     grunt_lair_entry_orc_guard_hut
Lair:1:   beast_lair_carwin_large_3, cheibrodos_lair_caveside_slide
Lair:2:   swamp_mist, dummy_spider_entry, eino_small_chamber_without_monster,
          grunt_forest_large_clearings
Spider:1: spider_trap
Spider:2: spider_trap
Orc:2:    st_orc_rangers, bloody_makhleb
